 Dungeon Crawl Stone Soup version 0.17-a0-1447-g3d113ad (webtiles) character file.

844 urechis the Skirmisher (level 8, 0/58 HPs)
             Began as an Octopode Fighter on June 29, 2015.
             Was an Initiate of Dithmenos.
             Slain by an orc wizard
             ... wielding a +0 dagger
              (4 damage)
             ... on level 5 of the Dungeon.
             The game lasted 00:13:54 (5105 turns).

urechis the Skirmisher (Octopode Fighter)           Turns: 5105, Time: 00:13:54

Health: 0/58       AC:  6    Str: 15    XL:     8   Next: 0%
Magic:  17/17      EV: 11    Int: 10    God:    Dithmenos [......]
Gold:   195        SH:  9    Dex: 14    Spells: 0 memorised, 7 levels left

rFire  . . .     SeeInvis .     w - +2 short sword (protect)
rCold  . . .     Clarity  .     b - +0 shield
rNeg   . . .     SustAt   .     (helmet restricted)
rPois  .         Gourm    .     t - amulet of resist corrosion
rElec  .         Spirit   .     e - ring of protection from magic
rCorr  +         Warding  .     k - ring of protection from magic
rMut   .         Stasis   .     l - ring of magical power
MR     +++..                    y - ring of protection from magic
Stlth  ++........               G - ring of wizardry
                                (no ring)
                                (no ring)
                                (no ring)

@: extremely resistant to hostile enchantments, unstealthy
A: almost no armour, amphibious, 8 rings, constrict 8, camouflage 1, gelatinous
body 1
a: Renounce Religion


You were on level 5 of the Dungeon.
You worshipped Dithmenos.
Dithmenos was noncommittal.
You were hungry.

You visited 2 branches of the dungeon, and saw 6 of its levels.

You collected 195 gold pieces.

Inventory:

Hand weapons
 a - a +0 long sword
 w - a +2 short sword of protection (weapon)
 H - the +7 dagger "Iwnurgh" {pain, *Corrode rElec rPois Dex-2}
   (You found it on level 5 of the Dungeon)

   In the hands of one skilled in necromantic magic, it inflicts extra damage on
   living creatures.
   It affects your dexterity (-2).
   It insulates you from electricity.
   It protects you from poison.
   It may corrode your equipment when you take damage.
Armour
 b - a +0 shield (worn)
Jewellery
 e - a ring of protection from magic (left tentacle)
 k - a ring of protection from magic (right tentacle)
 l - a ring of magical power (on tentacle)
 t - an amulet of resist corrosion (around mantle)
 y - a ring of protection from magic (on tentacle)
 G - a ring of wizardry (on tentacle)
Magical devices
 F - a wand of frost (33)
Scrolls
 f - 2 scrolls of enchant armour {unknown}
 g - 10 scrolls of identify {unknown}
 i - 3 scrolls of recharging {unknown}
 j - 2 scrolls of amnesia {unknown}
 n - 2 scrolls of remove curse {unknown}
 o - 2 scrolls of blinking {unknown}
 r - a scroll of immolation {unknown}
 s - a scroll of fear {unknown}
 u - a scroll of teleportation {unknown}
 v - a scroll of random uselessness {unknown}
 A - a scroll of noise {unknown}
 C - 2 scrolls of fog {unknown}
Potions
 c - a potion of might
 m - a potion of brilliance {unknown}
 p - a potion of cancellation {unknown}
 q - a potion of invisibility {unknown}
 x - a potion of agility {unknown}
 B - 2 potions of curing {unknown}
 E - a potion of heal wounds {unknown}
Comestibles
 d - 5 bread rations
 h - 7 fruits
 z - a slice of pizza
 D - a royal jelly


   Skills:
 + Level 6.3 Fighting
 - Level 2.0(4.2) Short Blades
 * Level 5.8(6.0) Long Blades
 - Level 3.0 Dodging
 + Level 4.0 Shields


You had 7 spell levels left.
You didn't know any spells.

Dungeon Overview and Level Annotations

Branches:
Dungeon (5/15)             Temple (1/1) D:5

Altars:
Ashenzari
Cheibriados
Dithmenos
Elyvilon
Gozag
Makhleb
Okawaru
Qazlal
Ru
Sif Muna
Trog
Vehumet
Yredelemnul
The Shining One

Annotations:
D:4 Sigmund; matakusis's ghost, average DsBe
D:5 PeterLawrence's ghost, average GrFi


Innate Abilities, Weirdness & Mutations

You cannot wear most types of armour.
You are amphibious.
You can wear up to eight rings at the same time.
You can use your tentacles to constrict eight enemies at once.
Your skin changes colour to match your surroundings (Stealth).
Your rubbery body absorbs attacks (AC +1).


Message History

You hit PeterLawrence's ghost but do no damage.
PeterLawrence's ghost is heavily damaged.
You hear some strange, mumbled words.
A magic dart appears from out of thin air!
The magic dart hits you!
* * * LOW HITPOINT WARNING * * *
PeterLawrence's ghost closely misses you.
You hit PeterLawrence's ghost.
PeterLawrence's ghost is heavily damaged.
Something hits you but does no damage. PeterLawrence's ghost hits you.
* * * LOW HITPOINT WARNING * * *
You hit PeterLawrence's ghost but do no damage.
Your squeeze misses PeterLawrence's ghost.
PeterLawrence's ghost is heavily damaged.
Something hits you but does no damage.
You block PeterLawrence's ghost's attack.
You hit PeterLawrence's ghost but do no damage.
PeterLawrence's ghost is heavily damaged.
Something hits you.
You die...

.#.# #.......##....##
#.# #.# .#.#
####....##....# #.#
#.. ...# #....##....#
#.#####
###########....##....#
#......
...............).....#
#.#####
###########....#.....#
#.# # ###........##
#.# # #....###..# #.#
# #...@# ##.#####.####
#...W# #....##.....#
####.# #....##.....##
#.# #....##.......
##(###....##.....##
#.....#.#####....##
#.....#.<# #.....#
####.....##†## #.....#
#........)...# #.....#


You could see PeterLawrence's ghost.

Vanquished Creatures
  A phantom (D:5)
  An ogre (D:5)
  A centaur (D:3)
  A giant frog (D:5)
  A scorpion (D:4)
  An orc priest (D:5)
  A jelly (D:5)
  A giant frog skeleton (D:4)
  2 orc wizards (D:4)
  2 iguanas
  2 worker ants
  2 hound skeletons
  2 gnolls
  5 adders
  A shadow imp (D:5)
  An ooze (D:4)
  6 worms
  2 giant geckos
  15 orcs
  4 ball pythons
  A bat skeleton (D:4)
  A bat zombie (D:3)
  7 goblins
  6 hobgoblins
  4 jackals (D:4)
  2 quokkas
  7 bats
  9 giant cockroaches
  10 giant newts
  12 kobolds
  A quokka zombie (D:5)
  12 rats
124 creatures vanquished.

Notes
Turn   | Place    | Note
--------------------------------------------------------------
     0 | D:1      | urechis the Octopode Fighter began the quest for the Orb.
     0 | D:1      | Reached XP level 1. HP: 16/16 MP: 1/1
   146 | D:1      | Reached XP level 2. HP: 15/21 MP: 2/2
   577 | D:1      | Reached XP level 3. HP: 23/26 MP: 3/3
  1112 | D:2      | Reached XP level 4. HP: 33/33 MP: 4/4
  1483 | D:3      | Found a faded altar to an unknown god.
  1667 | D:3      | Reached skill level 4 in Fighting
  1754 | D:3      | Noticed a centaur
  1772 | D:3      | Killed a centaur
  1772 | D:3      | Reached XP level 5. HP: 30/38 MP: 5/5
  2125 | D:4      | Noticed Sigmund
  2212 | D:4      | Noticed matakusis's ghost (average DsBe)
  2231 | D:4      | Reached skill level 5 in Long Blades
  2231 | D:4      | Reached XP level 6. HP: 26/44 MP: 6/6
  2696 | D:4      | Reached skill level 5 in Fighting
  3366 | D:5      | Entered Level 5 of the Dungeon
  3369 | D:5      | Reached XP level 7. HP: 50/50 MP: 7/7
  3532 | D:5      | Got an ancient dagger
  3533 | D:5      | Identified the +7 dagger "Iwnurgh" {pain, *Corrode rElec rPois Dex-2} (You found it on level 5 of the Dungeon)
  3580 | D:5      | Found a staircase to the Ecumenical Temple.
  3590 | Temple   | Entered the Ecumenical Temple
  3814 | Temple   | Became a worshipper of Dithmenos the Shadowed
  3996 | D:5      | Reached skill level 6 in Fighting
  3996 | D:5      | Reached skill level 1 in Short Blades
  4528 | D:5      | Found a runed door.
  4621 | D:5      | Noticed PeterLawrence's ghost (average GrFi)
  5077 | D:5      | Reached XP level 8. HP: 55/58 MP: 8/8
  5105 | D:5      | Slain by an orc wizard

Vault maps used:
D:1:      dpeg_arrival_tiny_a
D:2:      first_bread
D:3:      ecumenical_altar_2, corexii_leaking_fountain
D:4:      minmay_misc_feat_cross, uniq_sigmund
D:5:      minmay_temple_entry_junction2, lightli_church_of_beogh
Temple:   minmay_temple_curvy_14

Action                   |  1- 3 |  4- 6 |  7- 9 || total
-------------------------+-------+-------+-------++-------
Melee: Long sword        |    69 |    14 |       ||    83
       Short sword       |       |   115 |    55 ||   170
       Dagger            |       |       |    57 ||    57
 Stab: Sleeping          |     4 |    10 |     4 ||    18
  Eat: Chunk             |       |     6 |     6 ||    12
       Fruit             |       |     1 |       ||     1
